 Dungeon Crawl Stone Soup version 0.19.0-2-gae57169 (webtiles) character file.

1188 dobroeutro the Archer (level 8, -8/73 HPs)
             Began as a Centaur Hunter on Nov 5, 2016.
             Mangled by Menkaure (9 damage)
             ... on level 5 of the Dungeon.
             The game lasted 00:06:47 (4549 turns).

dobroeutro the Archer (Centaur Hunter)              Turns: 4549, Time: 00:06:48

Health: -8/73      AC:  8    Str: 14 (16) XL:     8   Next: 19%
Magic:  8/8        EV:  9    Int: 13 (15) God:
Gold:   289        SH:  0    Dex: 12 (15) Spells: 0 memorised, 7 levels left

rFire  . . .     SeeInvis .     g - +1 spear (venom)
rCold  . . .     Gourm    .     c - +0 leather armour
rNeg   . . .     Faith    .     (no shield)
rPois  .         Spirit   .     y - +0 helmet
rElec  .         Reflect  .     t - +0 cloak
rCorr  .         Harm     .     k - +1 pair of gloves
MR     .....                    (no barding)
Stlth  +.........               (no amulet)
                                (no ring)
                                l - +4 ring of dexterity

@: brilliant, very slightly contaminated, hasted, invisible, very quick
A: hooves 3, deformed body, speed 2, tough skin 3
a: no special abilities


You were on level 5 of the Dungeon.
You were not hungry.

You visited 2 branches of the dungeon, and saw 6 of its levels.

You collected 289 gold pieces.

Inventory:

Hand Weapons
 a - a +2 shortbow
 g - a +1 spear of venom (weapon)
Missiles
 d - 100 arrows
Armour
 c - a +0 leather armour (worn)
 k - a +1 pair of gloves (worn)
 t - a +0 cloak (worn)
 y - a +0 helmet (worn)
Jewellery
 l - a +4 ring of dexterity (left hand)
Scrolls
 h - 2 scrolls of enchant armour
 i - a scroll of fog
 n - a scroll of noise
 o - 5 scrolls of remove curse
 q - a scroll of magic mapping {unknown}
 r - a scroll of identify {unknown}
 w - 3 scrolls of teleportation {unknown}
Potions
 e - a potion of invisibility
 j - a potion of cure mutation {unknown}
 m - a potion of brilliance
 s - a potion of mutation {unknown}
 u - 3 potions of haste
 v - a potion of degeneration
 A - a potion of lignification {unknown}
 B - a potion of agility {unknown}
 C - a potion of berserk rage {unknown}
 D - a potion of flight {unknown}
Books
 f - a book of Maledictions

   Spells                             Type                      Level
   a - Corona                         Hexes                        1
   b - Ensorcelled Hibernation        Hexes/Ice                    2
   c - Confuse                        Hexes                        3
   d - Tukima's Dance                 Hexes                        3
   e - Dazzling Spray                 Conjuration/Hexes            3
Comestibles
 b - 3 beef jerkies
 p - 2 meat rations
 x - 5 fruits
 z - a bread ration
 E - a slice of pizza
 F - 2 chunks of flesh


   Skills:
 + Level 7.1 Fighting
 + Level 10.5 Bows
 - Level 1.3 Dodging
 - Level 0.4 Stealth


You had 7 spell levels left.
You didn't know any spells.

Dungeon Overview and Level Annotations

Branches:
Dungeon (5/15)             Temple (1/1) D:4

Altars:
Ashenzari
Cheibriados
Dithmenos
Elyvilon
Fedhas
Gozag
Hepliaklqana
Kikubaaqudgha
Makhleb
Nemelex Xobeh
Okawaru
Qazlal
Ru
Sif Muna
Trog
Uskayaw
Vehumet
Xom
Yredelemnul
Zin
The Shining One

Shops:
D:4 %

Annotations:
D:5 Menkaure


Innate Abilities, Weirdness & Mutations

You have hooves in place of feet.
Armour fits poorly on your strangely shaped body.
You cover ground very quickly.
You have extremely tough skin. (AC +3)


Message History

Menkaure is moderately damaged.
Menkaure hits you!
* * * LOW HITPOINT WARNING * * *
Menkaure calls on the powers of darkness!
Your body is wracked with pain!
* * * LOW HITPOINT WARNING * * *
It was a potion of brilliance.
You feel clever all of a sudden. Menkaure barely misses you.
It was a potion of invisibility.
You fade into invisibility!
Menkaure hits you!
* * * LOW HITPOINT WARNING * * *
You are very lightly contaminated with residual magic.
It was a potion of degeneration.
There was something very wrong with that liquid.
You feel weakened.
You feel dopey.
You feel clumsy. Menkaure hits you but does no damage.
It was a potion of haste.
You feel yourself speed up. Menkaure hits you!
You die...

#.. ...... #.## ##.#
...... #..# #..#
......##..# #.##
.....%.#..# ##.#
.......#..# #..#
.......#..######## #.##
..........#......###.##
....).M@..............##
##..#####........†......
#..........†..##.
##.............# #
#..)...........#
#................#
##..............##
###..........###
####...#####


You could see Menkaure.

Vanquished Creatures
  A hungry ghost (D:3)
  3 ogres
  Blork the orc (D:5)
  5 wights (D:5)
  A howler monkey (D:4)
  2 hounds
  A jelly (D:4)
  A bullfrog zombie (D:5)
  An orc priest (D:4)
  2 centaur skeletons (D:4)
  An iguana (D:4)
  3 worker ants
  A hound skeleton (D:4)
  A worker ant zombie (D:5)
  6 adders
  An ooze (D:2)
  An adder skeleton (D:4)
  7 worms
  A dart slug (D:1)
  4 leopard geckos
  3 orcs
  6 giant cockroaches
  10 goblins
  8 hobgoblins
  8 kobolds
  2 quokkas
  6 ball pythons
  8 bats
  6 frilled lizards
  8 rats
109 creatures vanquished.

Notes
Turn   | Place    | Note
-------+----------+-------------------------------------------
     0 | D:1      | dobroeutro the Centaur Hunter began the quest for the Orb.
     0 | D:1      | Reached XP level 1. HP: 17/17 MP: 1/1
   103 | D:1      | Reached XP level 2. HP: 12/24 MP: 2/2
   434 | D:1      | Reached skill level 6 in Bows
   635 | D:1      | Reached XP level 3. HP: 23/30 MP: 3/3
  1190 | D:2      | Reached XP level 4. HP: 38/38 MP: 4/4
  1296 | D:2      | Found a shadowy altar of Dithmenos.
  1730 | D:3      | Noticed a hungry ghost
  1779 | D:3      | Killed a hungry ghost
  1779 | D:3      | Reached skill level 7 in Bows
  1779 | D:3      | Reached XP level 5. HP: 33/46 MP: 5/5
  2088 | D:3      | Found a blossoming altar of Fedhas.
  2381 | D:3      | Found a glowing golden altar of the Shining One.
  2381 | D:3      | Found a deep blue altar of Sif Muna.
  2526 | D:3      | Reached skill level 8 in Bows
  2526 | D:3      | Reached XP level 6. HP: 27/53 MP: 6/6
  2862 | D:4      | Reached skill level 5 in Fighting
  2914 | D:4      | Found Viumei Veewk's Food Boutique.
  2981 | D:4      | Reached skill level 9 in Bows
  2981 | D:4      | Reached XP level 7. HP: 46/61 MP: 7/7
  3238 | D:4      | Found a staircase to the Ecumenical Temple.
  3264 | Temple   | Entered the Ecumenical Temple
  3838 | D:5      | Entered Level 5 of the Dungeon
  4191 | D:5      | Reached skill level 10 in Bows
  4286 | D:5      | Reached XP level 8. HP: 71/71 MP: 8/8
  4517 | D:5      | Noticed Blork the orc
  4529 | D:5      | Killed Blork the orc
  4540 | D:5      | Noticed Menkaure
  4547 | D:5      | HP: 1/73 [Menkaure (9)]
  4549 | D:5      | Mangled by Menkaure

Skill      XL: |  1  2  3  4  5  6  7  8 |
---------------+-------------------------+-----
Bows           | 6 7 8 9 10 | 10.5
Fighting       | 3 4 5 6 7 |  7.1
Dodging        | |  1.3
Stealth        | |  0.4

Action                   |  1- 3 |  4- 6 |  7- 9 || total
-------------------------+-------+-------+-------++-------
Melee: Spear             |   111 |   130 |    98 ||   339
       Short sword       |     6 |       |       ||     6
       Kick              |    19 |    34 |    33 ||    86
 Fire: Shortbow          |       |    14 |    37 ||    51
  Use: Scroll            |       |     6 |       ||     6
       Potion            |       |       |     4 ||     4
  Eat: Bread ration      |       |     2 |       ||     2
       Chunk             |       |     1 |     6 ||     7
Armor: Leather armour    |    31 |    44 |    36 ||   111
       Scale mail        |       |     2 |       ||     2
       Skin              |       |     1 |       ||     1
Dodge: Dodged            |    36 |    33 |    33 ||   102
